 Dungeon Crawl Stone Soup version 0.31.0-11-ge490571c62 (webtiles) character file.

Game seed: 10423309765532622918

17 SnakkuSnakku7 the Caller (level 2, -1/23 HPs)
             Began as a Ghoul Summoner on Jan 26, 2024.
             Slain by a jackal (2 damage)
             ... on level 1 of the Dungeon.
             The game lasted 00:00:49 (288 turns).

SnakkuSnakku7 the Caller (Ghoul Summoner)            Turns: 288, Time: 00:00:50

Health: -1/23      AC:  2    Str: 11    XL:     2   Next: 62%
Magic:  0/4        EV: 12    Int: 14    God:
Gold:   44         SH:  0    Dex:  9    Spells: 3/4 levels left

rFire   . .          .
                       - Unarmed
rCold   + . .        (no shield)
rNeg    + + +        a - +0 robe
rPois   ∞            (no helmet)
rElec   .            (no cloak)
rCorr   .            (no gloves)
SInv    .            (no boots)
Will    .....        j - amulet of guardian spirit
Stlth   ++           (no ring)
HPRegen 0.00/turn    (no ring)
MPRegen 0.09/turn

%: guardian spirit
@: inhibited regen
A: claws 1, cold resistance 1, negative energy resistance 3, inhibited
regeneration, torment resistance 2, devour on kill
a: no special abilities


You were on level 1 of the Dungeon.
You visited 1 branch of the dungeon, and saw 1 of its levels.

You collected 44 gold pieces.

Inventory:

Armour
 a - a +0 robe (worn)
Jewellery
 j - an amulet of guardian spirit (around neck)
Scrolls
 c - a scroll of torment {unknown}
 d - a scroll of amnesia {unknown}
 h - a scroll of teleportation {unknown}
 i - 2 scrolls of identify {unknown}
 k - a scroll of noise {unknown}
Potions
 b - a potion of magic
 e - a potion of ambrosia {unknown}
 f - a potion of haste {unknown}
 g - 2 potions of mutation {unknown}
 l - a potion of might {unknown}


   Skills:
 + Level 1.5 Fighting
 - Level 1.7 Dodging
 - Level 2.1 Stealth
 + Level 1.5 Unarmed Combat
 - Level 1.7 Spellcasting
 - Level 3.6 Summonings


You had 3 spell levels left.
You knew the following spells:

 Your Spells              Type           Power      Damage    Failure   Level
a - Summon Small Mammal   Summ           44%        N/A       5%          1

Your spell library contained the following spells:

 Spells                   Type           Power      Damage    Failure   Level
 Call Imp                 Summ           22%        N/A       9%          2
 Call Canine Familiar     Summ           11%        N/A       17%         3
 Summon Blazeheart Golem  Fire/Summ      6%         N/A       75%         4
 Summon Lightning Spire   Summ/Air       6%         N/A       75%         4


Dungeon Overview and Level Annotations

Branches:
Dungeon (1/15)

Altars:

Shops:
D:1 [


Innate Abilities, Weirdness & Mutations

You are immune to poison.
You have sharp fingernails.
Your flesh is cold resistant. (rC+)
You are immune to negative energy. (rN+++)
You do not regenerate when monsters are visible.
You are immune to unholy pain and torment.
You thrive by killing the living.


Message History

You barely miss the jackal.
The ball python hisses angrily. x2
You claw the jackal.
The jackal is moderately wounded.
A jackal comes into view.
The jackal bites you.
You closely miss the jackal.
The jackal is moderately wounded.
The bat barely misses you. The jackal misses you. The bat barely misses you.
A rat comes into view.
The jackal barks!
You closely miss the jackal.
The jackal is moderately wounded.
The rat squeaks loudly.
The bat hits you but does no damage. x2; The jackal bites you.
The giant cockroach closely misses you. The jackal barely misses you.
You scratch the jackal.
The jackal is almost dead.
The bat barely misses you. The bat misses you. The jackal bites you. x2
The bat hits you.
The jackal bites you but does no damage.
The giant cockroach bites you. The jackal barely misses you.
The jackal misses you. The bat hits you but does no damage.
A giant cockroach comes into view.
The rat twitches its whiskers.
The bat hits you. The jackal closely misses you. The jackal bites you.
* * * LOW HITPOINT WARNING * * *
The jackal bites you.
* * * LOW HITPOINT WARNING * * *
Found Laucaj's Antique Armour Emporium.
The jackal misses you. The jackal attacks as it pursues you!
The jackal closely misses you. x2
The giant cockroach misses you. The jackal bites you.
* * * LOW HITPOINT WARNING * * *
The giant cockroach bites you. The jackal attacks as it pursues you!
The jackal bites you but does no damage.
The giant cockroach bites you.
* * * LOW HITPOINT WARNING * * *
The jackal bites you.
You die...

#.......#..............
#.......#.....(........
#.......#..............
#.r...............
#.................
.#####Sh.#............#
.⌠...Shb.##..........##
∩.####BhB#######)#####
# #@..# #)# #. ###...#
#.# # ##.. .....## #.#
. ....# #.#### #.#
.##....##.# #># ...
#..#.# #.# ###.#.##
#...### #.# #...#..#
#^...## #.# ###.####.#
##.#..## #.#


You could see 3 jackals, 2 giant cockroaches, a bat, 2 ball pythons and a rat.

Vanquished Creatures
  A dart slug (D:1)
  2 bats (D:1)
  An endoplasm (D:1)
  2 goblins (D:1)
  2 hobgoblins (D:1)
  4 kobolds (D:1)
  2 rats (D:1)
14 creatures vanquished.

Vanquished Creatures (others)
  2 djinn (D:1)
  A formicid (D:1)
  A spriggan (D:1)
  A vampire (D:1)
  A human (D:1)
  A demigod (D:1)
  An oni (D:1)
  A barachi (D:1)
  A mummy (D:1)
  A gnoll (D:1)
  A kobold (D:1)
  6 tentacles (D:1)
18 creatures vanquished.

Grand Total: 32 creatures vanquished

Notes
Turn   | Place    | Note
-------+----------+-------------------------------------------
     0 | D:1      | SnakkuSnakku7 the Ghoul Summoner began the quest for the
                  | Orb.
     0 | D:1      | Reached XP level 1. HP: 14/14 MP: 3/3
     0 | D:1      | Noticed a djinni
     0 | D:1      | Noticed a human
     0 | D:1      | Noticed a djinni
     0 | D:1      | Noticed a barachi
     0 | D:1      | Noticed a kraken
     0 | D:1      | Noticed a formicid
     0 | D:1      | Noticed a vampire
     0 | D:1      | Noticed a demigod
     0 | D:1      | Noticed an oni
     0 | D:1      | Noticed a spriggan
     6 | D:1      | Killed a djinni
     6 | D:1      | Killed an oni
     7 | D:1      | Killed a djinni
     8 | D:1      | Killed a barachi
     9 | D:1      | Killed a human
     9 | D:1      | Killed a vampire
    11 | D:1      | Killed a demigod
    11 | D:1      | Killed a formicid
    13 | D:1      | Killed a spriggan
   113 | D:1      | Reached skill level 1 in Fighting
   113 | D:1      | Reached skill level 1 in Unarmed Combat
   147 | D:1      | Reached XP level 2. HP: 17/23 MP: 4/4
   286 | D:1      | Found Laucaj's Antique Armour Emporium.
   288 | D:1      | HP: 1/23 [giant cockroach (1)]
   288 | D:1      | Slain by a jackal

Illustrated notes

Levels and vault maps discovered:
D:1:      nicolae_arrival_kraken_aquarium_a, layout_rooms, serial_shops,
          shop_fountains

Skill      XL: |  1 |
---------------+----+-----
Fighting       | 1 |  1.5
Unarmed Combat | 1 |  1.5
Dodging        | |  1.7
Stealth        | |  2.1
Spellcasting   | |  1.7
Summonings     | |  3.6

Action                     || total
---------------------------++-------
  Melee: Unarmed           ||    70
         Punch             ||     1
 Armour: Robe              ||    52
  Dodge: Dodged            ||    66
